Selects Advanced Infantry Battlegroup
Construct Weapon Support Center
M3 Armored Personnel Carrier
Selects Convert to Ranger Squad
Selects Frontline Medical Station
Frontline Medical Station
Selects Ranger Weapon Training
Selects Ammunition Storage
Frontline Medical Station
Selects M2A1 105mm Howitzer Emplacement
Selects 155mm Rapid Artillery Barrage
M18 Hellcat Tank Destroyer
155mm Rapid Artillery Barrage
M18 Hellcat Tank Destroyer
M18 Hellcat Tank Destroyer
M18 Hellcat Tank Destroyer
155mm Rapid Artillery Barrage
M18 Hellcat Tank Destroyer